 Dungeon Crawl Stone Soup version 0.27.0-1-g7a089689b8 (webtiles) character file.

Game seed: 9866227677009062900

205 Exaltedone87 the Slasher (level 5, 0/44 HPs)
             Began as a Palentonga Fighter on Aug 2, 2021.
             Slain by a black bear (1 damage)
             ... on level 2 of the Dungeon.
             The game lasted 00:04:52 (2910 turns).

Exaltedone87 the Slasher (Palentonga Fighter)       Turns: 2910, Time: 00:04:52

Health: 0/44       AC:  7    Str: 19    XL:     5   Next: 52%
Magic:  5/5        EV:  7    Int:  8    God:
Gold:   155        SH:  9    Dex: 11    Spells: 4/4 levels left

rFire    . . .     SeeInvis +   a - +0 long sword
rCold    . . .     Faith    .   c - +0 kite shield
rNeg     . . .     Spirit   .   k - +0 leather armour
rPois    .         Reflect  .   (no helmet)
rElec    .         Harm     .   e - +0 cloak
rCorr    .         Rampage  .   f - +0 pair of gloves
Will     +....                  (no barding)
Stlth    +.........             (no amulet)
HPRegen  0.14/turn              i - ring of willpower
MPRegen  0.09/turn              (no ring)

@: mighty
A: large, rugged brown scales 3, see invisible, deformed body, roll 1, armoured
tail
a: Rolling Charge


You were on level 2 of the Dungeon.
You visited 1 branch of the dungeon, and saw 3 of its levels.

You collected 155 gold pieces.

Inventory:

Hand Weapons
 a - a +0 long sword (weapon)
Armour
 c - a +0 kite shield (worn)
 e - a +0 cloak (worn)
 f - a +0 pair of gloves (worn)
 k - a +0 leather armour (worn)
Jewellery
 i - a ring of willpower (left hand)
Potions
 g - a potion of mutation
 h - a potion of heal wounds
 j - a potion of curing


   Skills:
 + Level 3.8 Fighting
 * Level 3.9 Long Blades
 + Level 3.2 Armour
 + Level 3.1 Shields


You had 4 spell levels left.
You didn't know any spells.
Your spell library contained the following spells:

 Spells                   Type           Power      Damage    Failure   Level
 Animate Skeleton         Necr           0%         N/A       88%         1
 Pain                     Necr           0%         1d4       88%         1
 Vampiric Draining        Necr           0%         2d6       99%         3


Dungeon Overview and Level Annotations

Branches:
Dungeon (3/15)

Altars:
Ashenzari

Shops:
D:3 [


Innate Abilities, Weirdness & Mutations

You are completely covered in rugged brown scales. (AC +3, +7% HP)
You have supernaturally acute eyesight. (SInv)
Armour fits poorly on your strangely shaped body.
You can roll at nearby foes to attack.
You have a long armoured tail.


Message History

The black bear bites you.
The black bear claws you but does no damage.
The black bear claws you.
Unknown command.
You hit the black bear.
The black bear is moderately wounded.
The black bear bites you. The black bear barely misses you. x2
You block the black bear's attack.
The black bear claws you but does no damage.
The black bear claws you.
You climb upwards.
There is a stone staircase leading down here.
You block the black bear's attack. The black bear claws you.
* * * LOW HITPOINT WARNING * * *
The black bear claws you.
* * * LOW HITPOINT WARNING * * *
You block the black bear's attack. The black bear claws you.
* * * LOW HITPOINT WARNING * * *
The black bear claws you but does no damage.
You aren't carrying any scrolls.
You feel very mighty all of a sudden.
The black bear bites you but does no damage.
The black bear barely misses you. x2
You slash the black bear!
The black bear is severely wounded.
You block the black bear's attack. x2; The black bear barely misses you.
The black bear bites you but does no damage.
The black bear claws you.
* * * LOW HITPOINT WARNING * * *
The black bear barely misses you.
You closely miss the black bear.
The black bear is severely wounded.
The black bear bites you!
* * * LOW HITPOINT WARNING * * *
The black bear claws you but does no damage. x2
Unknown command.
You hit the black bear.
The black bear is almost dead.
The black bear goes berserk!
The black bear bites you.
You die...

.##.................##........#
.######.###.##................#
..............................#
#######.##....................#
######.##.....(....).........###
#.......'....................#..
##+####.##....................#'#
........#........................
........#.......@h...............
........#.............######.....
........#.###.........######.....
........#.........#####.........#
.......######.####....#.#######..
.......##.....# #....#.##.<.....
.......##.##### #....#.##.......
.......##.# #....#.####.#.##
.......##.########....#......#.#


You could see a black bear (berserk).

Vanquished Creatures
  An orc priest (D:3)
  Natasha (D:3)
  An orc wizard (D:3)
  5 adders
  A worm (D:2)
  3 dart slugs
  3 orcs (D:3)
  3 bats
  5 endoplasms
  4 giant cockroaches
  3 goblins
  13 hobgoblins
  3 jackals (D:2)
  3 quokkas
  7 ball pythons
  3 frilled lizards
  2 kobolds (D:2)
  6 rats
67 creatures vanquished.

Vanquished Creatures (collateral kills)
  A dart slug (D:2)
1 creature vanquished.

Grand Total: 68 creatures vanquished

Notes
Turn   | Place    | Note
-------+----------+-------------------------------------------
     0 | D:1      | Exaltedone87 the Palentonga Fighter began the quest for the
                  | Orb.
     0 | D:1      | Reached XP level 1. HP: 19/19 MP: 1/1
    84 | D:1      | Found a faded altar of an unknown god.
   102 | D:1      | Reached XP level 2. HP: 13/25 MP: 2/2
   573 | D:1      | Reached XP level 3. HP: 31/31 MP: 3/3
  1963 | D:3      | Noticed a black bear
  1983 | D:2      | Reached XP level 4. HP: 12/37 MP: 4/4
  2246 | D:3      | Found Olytz's Armour Shoppe.
  2360 | D:3      | Reached XP level 5. HP: 28/44 MP: 5/5
  2513 | D:3      | Found a broken altar of Ashenzari.
  2576 | D:3      | Noticed Natasha
  2595 | D:3      | Killed Natasha
  2909 | D:2      | HP: 1/44 [black bear (7)]
  2910 | D:2      | Slain by a black bear

Illustrated notes

Levels and vault maps discovered:
D:1:      dpeg_arrival_oval, layout_basic, ebering_ecumenical_altar_mist
D:2:      layout_basic
D:3:      layout_rooms, mainiacjoe_overflow_small_starburst,
          nicolae_yredelemnul_ghost_church, serial_shops, shop,
          interstate_on_off, uniq_natasha

Skill      XL: |  1  2  3  4 |
---------------+-------------+-----
Long Blades    | 3 |  3.9
Armour         | 3 |  3.2
Shields        | 3 |  3.1
Fighting       | |  3.8

Action                   |  1- 3 |  4- 6 || total
-------------------------+-------+-------++-------
Melee: Long sword        |   116 |    75 ||   191
       Tailslap          |    13 |     8 ||    21
 Abil: Rolling Charge    |    23 |     9 ||    32
  Use: Scroll            |     5 |       ||     5
       Potion            |     1 |     3 ||     4
Armor: Scale mail        |    66 |    16 ||    82
       Leather armour    |       |    37 ||    37
Dodge: Dodged            |    25 |    23 ||    48
Block: Kite shield       |    47 |    50 ||    97
       Rpst.: Long sword |     7 |     4 ||    11
